 Dungeon Crawl Stone Soup version 0.22-a0-542-gce4f928 (webtiles) character file.

103 n0claF the Shooter (level 4, -5/37 HPs)
             Began as a Centaur Hunter on June 24, 2018.
             Splashed by Ijyb's acid (11 damage)
             ... on level 3 of the Dungeon.
             The game lasted 00:05:10 (1991 turns).

n0claF the Shooter (Centaur Hunter)                 Turns: 1991, Time: 00:05:10

Health: -5/37      AC:  1    Str: 14    XL:     4   Next: 51%
Magic:  4/4        EV:  9    Int: 10    God:
Gold:   97         SH:  0    Dex: 11    Spells: 3/3 levels left

rFire    . . .     SeeInvis .   a - +1 shortbow
rCold    . . .     Gourm    .   (shield currently unavailable)
rNeg     . . .     Faith    .   c - +0 leather armour
rPois    .         Spirit   .   s - +0 helmet
rElec    .         Reflect  .   (no cloak)
rCorr    .         Harm     .   (no gloves)
MR       .....                  (no barding)
Stlth    +.........             (no amulet)
HPRegen  0.12/turn              (no ring)
MPRegen  0.09/turn              (no ring)

@: corroded, very quick
A: large, hooves 3, deformed body, speed 2, tough skin 3
a: no special abilities


You were on level 3 of the Dungeon.
You were hungry.

You visited 1 branch of the dungeon, and saw 3 of its levels.

You collected 97 gold pieces.

Inventory:

Hand Weapons
 a - a +1 shortbow (weapon)
 b - a +0 short sword
Missiles
 d - 46 arrows (quivered)
 f - 9 sling bullets
 p - 43 stones
 t - 2 throwing nets {!f}
Armour
 c - a +0 leather armour (worn)
 s - a +0 helmet (worn)
   (You found it on level 2 of the Dungeon)
Jewellery
 m - an uncursed ring of ice {unknown}
   (You found it on level 1 of the Dungeon)
 q - a cursed ring of teleportation {unknown}
   (You found it on level 2 of the Dungeon)
Scrolls
 g - a scroll of immolation {unknown}
 i - a scroll of blinking {unknown}
 j - a scroll of enchant armour {unknown}
 k - a scroll of identify {unknown}
 l - a scroll of amnesia {unknown}
Potions
 n - a potion of resistance {unknown}
 o - a potion of cancellation {unknown}
 r - a potion of flight {unknown}
Comestibles
 e - 6 rations {!d}
 h - 9 chunks of flesh


   Skills:
 + Level 2.7 Fighting
 + Level 5.9 Bows
 + Level 1.8 Throwing
 + Level 2.0 Dodging
 + Level 1.2 Stealth


You had 3 spell levels left.
You didn't know any spells.
Your spell library was empty.

Dungeon Overview and Level Annotations

Branches:
Dungeon (3/15)

Altars:

Annotations:
D:3 Ijyb


Innate Abilities, Weirdness & Mutations

You have hooves in place of feet.
Armour fits poorly on your strangely shaped body.
You cover ground very quickly.
You have extremely tough skin. (AC +3)


Message History

d - 34 arrows (gained 1)
d - 37 arrows (gained 3)
Things that are here:
a club; a gnoll corpse You butcher the gnoll corpse.
h - 9 chunks of flesh (gained 4)
Things that are here:
a club; a gnoll skeleton
Things that are here:
a club; a gnoll skeleton
d - 39 arrows (gained 2)
You see here a spear.
d - 41 arrows (gained 2)
t - 2 throwing nets {!f}
d - 42 arrows (gained 1)
You now have 97 gold pieces (gained 13).
d - 43 arrows (gained 1)
You see here a club.
d - 44 arrows (gained 1)
d - 46 arrows (gained 2)
d - 47 arrows (gained 1)
Found a rapier and a hunting sling.
A quokka comes into view.
Found 10 poisoned needles.
b - a +0 short sword (weapon)
The quokka closely misses you.
You hit the quokka. The quokka bites you.
You closely miss the quokka. The quokka bites you.
The quokka bites you but does no damage.
You hit the quokka. You kick the quokka. The quokka bites you.
You closely miss the quokka. The quokka bites you.
You closely miss the quokka. Your kick misses the quokka. The quokka bites you.
The quokka closely misses you.
You hit the quokka but do no damage.
You are feeling hungry.
The quokka bites you but does no damage.
You hit the quokka.
You kill the quokka!
Ijyb the Twisted Goblin comes into view.
Ijyb shouts!
You see here 5 gold pieces.
a - a +1 shortbow (weapon)
Firing (i - inventory. (/) - cycle)
d - 47 arrows (quivered)
Aim: Ijyb, wearing a chain mail You shoot an arrow.
The arrow hits Ijyb but does no damage.
Ijyb zaps a wand.
The bolt of acid hits you!
* * * LOW HITPOINT WARNING * * *
The acid corrodes you!
You are splashed with acid!
The acid burns!
You die...

...................#
.###............)..###
.......................
.######................
##.....................
.......).......#......
#.#.......#.....###.##..
#.#<....................
#.#.............@.......
#.......................
##.........####.)......
#.........# .......##
#.........# #......#
#.........# #.....g#
###'#)###.# #......#
#.#.# .# #....... #.#.#
.#


You could see Ijyb.

Vanquished Creatures
  An adder (D:2)
  4 gnolls (D:3)
  A worm (D:2)
  A dart slug (D:1)
  2 leopard geckos (D:1)
  A bat skeleton (D:2)
  3 giant cockroaches
  5 goblins
  3 hobgoblins
  4 jackals (D:1)
  3 quokkas
  6 bats
  3 frilled lizards
  A jackal skeleton (D:2)
  3 kobolds
  A leopard gecko zombie (D:2)
  7 rats
49 creatures vanquished.

Notes
Turn   | Place    | Note
-------+----------+-------------------------------------------
     0 | D:1      | n0claF the Centaur Hunter began the quest for the Orb.
     0 | D:1      | Reached XP level 1. HP: 17/17 MP: 1/1
   339 | D:1      | Reached XP level 2. HP: 24/24 MP: 2/2
   608 | D:1      | Reached skill level 1 in Throwing
  1094 | D:1      | Reached XP level 3. HP: 26/30 MP: 3/3
  1435 | D:2      | Reached skill level 1 in Stealth
  1922 | D:3      | Reached XP level 4. HP: 37/37 MP: 4/4
  1989 | D:3      | Noticed Ijyb
  1991 | D:3      | Splashed by Ijyb's acid

Vault maps used:
D:1:      lemuel_arrival_funnel, kennysheep_decorative_pillar
D:2:      serial_undead, serial_undead_e, serial_undead_c, serial_undead_d,
          serial_undead_b
D:3:      nemelex_xobeh_ov_fountains_minmay, first_ration, uniq_ijyb

Skill      XL: |  1  2  3  4 |
---------------+-------------+-----
Throwing       | 1 |  1.8
Stealth        | 1 |  1.2
Dodging        | 2 |  2.0
Fighting       | |  2.7
Bows           | |  5.9

Action                   |  1- 3 |  4- 6 || total
-------------------------+-------+-------++-------
Melee: Short sword       |   127 |     7 ||   134
       Kick              |    14 |     1 ||    15
       Shortbow          |     2 |       ||     2
 Fire: Shortbow          |    32 |    11 ||    43
  Eat: Chunk             |     2 |       ||     2
Armor: Leather armour    |    72 |     2 ||    74
Dodge: Dodged            |    56 |     2 ||    58

Table legend:
 A = Spawn XP
 B = Non-spawn XP
 C = Spawn XP percentage of total XP
 D = Spawn monster count
 E = Non-spawn monster count
 F = Spawn count percentage of total count
 G = Total turns spent on level
                    A         B        C        D         E        F      G
               +---------+---------+-------+---------+---------+-------+---------
         Total |       0 |     148 |   0.0 |       0 |      49 |   0.0 |  1991
               +---------+---------+-------+---------+---------+-------+---------
           D:1 |       0 |      46 |   0.0 |       0 |      27 |   0.0 |  1292
           D:2 |       0 |      39 |   0.0 |       0 |      15 |   0.0 |   591
           D:3 |       0 |      63 |   0.0 |       0 |       7 |   0.0 |   108
               +---------+---------+-------+---------+---------+-------+---------
